 Dungeon Crawl Stone Soup version 0.30-b1-2-g02819fbbbe (webtiles) character file.

Game seed: 3645132336222117188

12 nightchill the Trooper (level 2, -1/21 HPs)
             Began as a Demonspawn Fighter on Sept 10, 2023.
             Slain by a small abomination (15 damage)
             ... on level 1 of the Abyss.
             The game lasted 00:01:45 (431 turns).

nightchill the Trooper (Demonspawn Fighter)          Turns: 431, Time: 00:01:46

Health: -1/21      AC: 12    Str: 14    XL:     2   Next: 20%
Magic:  2/2        EV:  8    Int:  7    God:
Gold:   2          SH:  4    Dex: 12    Spells: 1/1 levels left

rFire   . . .        a - +0 war axe
rCold   . . .        c - +0 buckler
rNeg    . . .        f - +0 scale mail
rPois   .            (no helmet)
rElec   .            (no cloak)
rCorr   .            (no gloves)
SInv    .            (no boots)
Will    .....        (no amulet) Stlth
                     (no ring)
HPRegen 0.23/turn    (no ring)
MPRegen 0.08/turn

%: no passive effects
@: sanguine armoured, slightly contaminated
A: sanguine armour 1, dopey 1, frail 1, weak 1
a: no special abilities


You were on level 1 of the Abyss.
You visited 1 branch of the dungeon, and saw 1 of its levels.
You visited the Abyss 1 time.

You collected 2 gold pieces.

Inventory:

Hand Weapons
 a - a +0 war axe (weapon)
 b - a +1 dagger of distortion
Armour
 c - a +0 buckler (worn)
 f - a +0 scale mail (worn)
Scrolls
 e - a scroll of identify {unknown}
Potions
 d - 2 potions of might


   Skills:
 + Level 3.2 Fighting
 * Level 2.4 Axes
 - Level 2.6 Armour
 - Level 2.6 Shields


You had one spell level left.
You didn't know any spells.
Your spell library was empty.

Dungeon Overview and Level Annotations

Branches:
Dungeon (1/15)

Altars:

Shops:
D:1 (


Innate Abilities, Weirdness & Mutations

When seriously injured, your blood forms armour. (AC +6)
You are dopey. (Int -2)
You are frail. (-10% HP)
You are weak. (Str -2)


Message History

* * * LOW HITPOINT WARNING * * *
Your blood congeals into armour.
You feel weaker.
You start resting.
Your body shudders with the violent release of wild energies!
You feel stupid.
You start resting.
A bone dragon comes into view.
A tentacled starspawn comes into view.
Tentacles burst from the starspawn's body! 2 starspawn tentacles come into view.
The starspawn tentacle grabs you. The starspawn tentacle constricts you.
The starspawn tentacle's grasp on you weakens, but your attempt to escape fails.
The starspawn tentacle constricts you.
The starspawn tentacle loses its grip on you.
The tentacle pulls you backwards!
A starspawn tentacle segment comes into view.
You block the starspawn tentacle's attack.
The starspawn tentacle grabs you. The starspawn tentacle constricts you.
The starspawn tentacle loses its grip on you.
The tentacle pulls you backwards! The starspawn tentacle grabs you.
The starspawn tentacle constricts you.
* * * LOW HITPOINT WARNING * * *
Your body shudders with the violent release of wild energies!
You feel frail.
You escape the starspawn tentacle's grasp.
A starspawn tentacle comes into view.
Your blood armour dries and flakes away.
You feel less contaminated with magical energies.
A small abomination comes into view.
A large abomination comes into view.
The small abomination attacks as you move away!
The small abomination hits you.
Your blood congeals into armour.
Okay, then.
The large abomination attacks as you move away!
The large abomination barely misses you.
The small abomination attacks as you move away!
The small abomination hits you!
Ouch! That really hurt!
You die...

#....#....
##..#.#...#. ##
#..# ......
#..#......#....
.##..#.##...#.#
..........#....#
..#....#....#..
.#.#....Xx#.#.#
..###..#.#@## #.
##...### ##.##
.. #.# #. ..


You could see a large abomination and a small abomination.

Vanquished Creatures
  2 ball pythons (D:1)
  A giant cockroach (D:1)
  2 goblins (D:1)
  2 hobgoblins (D:1)
  A quokka (D:1)
  A frilled lizard (D:1)
  A rat (D:1)
10 creatures vanquished.

Vanquished Creatures (others)
  4 starspawn tentacles (Abyss:1)
4 creatures vanquished.

Grand Total: 14 creatures vanquished

Notes
Turn   | Place    | Note
-------+----------+-------------------------------------------
     0 | D:1      | nightchill the Demonspawn Fighter began the quest for the
                  | Orb.
     0 | D:1      | Reached XP level 1. HP: 18/18 MP: 1/1
    16 | D:1      | Found a faded altar of an unknown god.
    17 | D:1      | Noticed an eye of devastation
    20 | D:1      | Noticed a shining eye
    20 | D:1      | Noticed an eye of devastation
    20 | D:1      | Noticed an eye of devastation
   183 | D:1      | Found Ahoroesh's Weapon Shoppe.
   246 | D:1      | Gained mutation: When seriously injured, your blood forms
                  | armour. (AC +6) [demonic ancestry]
   246 | D:1      | Reached XP level 2. HP: 21/24 MP: 2/2
   375 | Abyss:1  | Cast into level 1 of the Abyss (unwielding a weapon of
                  | distortion)
   376 | Abyss:1  | Gained mutation: You are weak. (Str -2) [mutagenic glow]
   387 | Abyss:1  | Gained mutation: You are dopey. (Int -2) [mutagenic glow]
   392 | Abyss:1  | Noticed a bone dragon
   394 | Abyss:1  | Noticed a tentacled starspawn
   404 | Abyss:1  | Gained mutation: You are frail. (-10% HP) [mutagenic glow]
   420 | Abyss:1  | Noticed a small abomination
   423 | Abyss:1  | Noticed a large abomination
   431 | Abyss:1  | Slain by a small abomination

Illustrated notes

Levels and vault maps discovered:
D:1:      saegor_arrival_under_anarchy, layout_loops_corners, serial_shops,
          shop, hellmonk_ecumenical_altar_watching_god
Abyss:1:  base: D:1, minivault_24

Skill      XL: |  1 |
---------------+----+-----
Axes           | 2 |  2.4
Fighting       | |  3.2
Armour         | |  2.6
Shields        | |  2.6

Action                     || total
---------------------------++-------
  Melee: War axe           ||    45
 Armour: Scale mail        ||    24
  Dodge: Dodged            ||    20
  Block: Buckler           ||     8
